AoeStats
← Mhafiki

Arabia

505672758Analyzed
1v1 RM · 22d ago on Sep 10, 2026· 50m 26s· 2 players
Game mode
Random Map
Map size
Tiny (2 player)
Population
200
Speed
Normal
Resources
Standard
Victory
Conquest
Starting age
Dark Age
Ending age
Imperial Age
RankedLock teamsTeams togetherTeam positionsShared explorationLock speedFull tech treeHidden civsTurbo modeCheats
Victory
Defeat
🇺🇸 Mongols · United States
1124
+15
🇲🇽 Spanish · Mexico
1111
-15
YAELITE
5:25 Loom
10:20 Feudal Age
10:48 Horse Collar
10:55 Double-Bit Axe
13:01 Bloodlines
13:43 Wheelbarrow
18:09 Scale Barding Armor
20:06 Fletching
21:04 Gold Mining
26:20 Castle Age
25:04 Forging
27:52 Bow Saw
28:10 Town Watch
28:29 Bodkin Arrow
29:23 Husbandry
29:27 Guard Tower
30:32 Heavy Plow
33:35 Hand Cart
34:20 Town Patrol
36:25 Redemption
36:47 Scale Mail Armor
36:49 Padded Archer Armor
36:47 Elite Skirmisher
38:16 Leather Archer Armor
38:15 Thumb Ring
41:50 Imperial Age
49:10 Chemistry
Mhafiki
5:56 Loom
9:21 Feudal Age
16:29 Castle Age
14:37 Double-Bit Axe
22:03 Fletching
25:31 Padded Archer Armor
26:25 Bodkin Arrow
28:31 Horse Collar
29:02 Bow Saw
31:26 Bloodlines
34:26 Leather Archer Armor
39:14 Ballistics
41:36 Imperial Age
40:41 Wheelbarrow
40:31 Thumb Ring
42:22 Bracer
42:49 Parthian Tactics
44:58 Chemistry
43:56 Herbal Medicine
47:48 Forging
47:44 Scale Barding Armor
48:07 Light Cavalry
48:47 Husbandry
50:24 Hussar
Connection lost

Rejoining the realm…

Still unreachable

The connection could not be restored.

Session expired

The server has moved on; the page needs a fresh start.